 Dungeon Crawl Stone Soup version 0.32-a0-306-gfed3edf829 (webtiles) character file.

Game seed: 2817324887914178110

95560 retardedninja the Severer (level 15, -10/141 HPs)
             Began as a Mountain Dwarf Fighter on Feb 14, 2024.
             Was the Champion of Cheibriados.
             Mangled by Donald
             ... wielding a +3 scimitar of freezing
              (28 damage)
             ... on level 2 of the Orcish Mines on Feb 15, 2024.
             The game lasted 00:59:51 (34313 turns).

retardedninja the Severer (Mountain Dwarf Fighter) Turns: 34313, Time: 00:59:51

Health: -10/141    AC: 31    Str: 37    XL:     15   Next: 66%
Magic:  28/38      EV: 23    Int: 31    God:    Cheibriados [******]
Gold:   1780       SH: 15    Dex: 24    Spells: 28/34 levels left

rFire   + . .        M - +4 war axe "Solouju" {spect, *Slow rElec rF+ SInv}
rCold   . . .        z - +2 kite shield {AC+3}
rNeg    . . .        A - +0 plate armour
rPois   +            e - +2 helmet {Int+3}
rElec   +            H - +2 cloak {rPois}
rCorr   .            (no gloves)
SInv    +            f - +0 pair of boots
Will    +....        k - amulet of the acrobat Stlth
                     p - ring of Truth {MP+9 Stlth+}
HPRegen 0.43/turn    G - +4 ring of protection
MPRegen 0.26/turn

%: slow self (1%), acrobat
@: acrobatic, studying Short Blades, very slow
A: runic magic, artefact enchanting
a: Renounce Religion, Bend Time, Temporal Distortion, Slouch, Step From Time


You were on level 2 of the Orcish Mines.
You worshipped Cheibriados.
Cheibriados was exalted by your worship.
You visited 4 branches of the dungeon, and saw 23 of its levels.
You also visited: Ossuary.

You collected 1967 gold pieces.
You spent 187 gold pieces at shops.

Inventory:

Hand Weapons
 a - a +2 heavy war axe
 g - a +0 broad axe
 M - the +4 war axe "Solouju" (weapon) {spect, *Slow rElec rF+ SInv}
   (You took it off a centaur on level 14 of the Dungeon)

   rF+:       It protects you from fire.
   rElec:     It insulates you from electricity.
   SInv:      It lets you see invisible.
   *Slow:     It may slow you when you take damage.
Missiles
 h - 2 throwing nets (quivered)
Armour
 e - a +2 helmet of intelligence (worn)
 f - a +0 pair of boots (worn)
 z - a +2 kite shield of protection (worn)
 A - a +0 plate armour (worn)
 H - a +2 cloak of poison resistance (worn)
Magical Staves
 q - the staff "Ikeatuor" {rPois rC++ rN+ Necro}
   (You found it on level 9 of the Dungeon)

   [staff of death]

   Base accuracy: +5 Base damage: 5 Base attack delay: 1.2 This weapon's minimum
   attack delay (0.6) is reached at skill level 12.
   rC++:      It greatly protects you from cold.
   rPois:     It protects you from poison rN+: It protects you from negative
   energy.
   Necro:     It increases the power of your Necromancy spells.
   It falls into the 'Staves' category.
   It is a one-handed weapon.
Jewellery
 k - an amulet of the acrobat (around neck)
 p - the ring of Truth (left hand) {MP+9 Stlth+}
   (You found it on level 3 of the Dungeon)

   [ring of magical power]

   MP+9:      It affects your magic capacity (+9).
   Stlth+:    It makes you more stealthy.
 C - a ring of fire
 G - a +4 ring of protection (right hand)
 I - a ring of protection from fire
Talismans
 L - the serpent talisman of Hoon {rN+ Slay+3}
   (You found it on level 5 of the Lair of Beasts)

   [serpent talisman]

   Slay+3:    It affects your accuracy & damage with ranged weapons and melee
   (+3).
   rN+:       It protects you from negative energy.
Wands
 u - a wand of polymorph (29)
 w - a wand of flame (15)
 K - a wand of paralysis (6)
 P - a wand of digging (3)
Scrolls
 c - 3 scrolls of amnesia
 j - 2 scrolls of revelation
 l - 2 scrolls of fog
 n - 4 scrolls of teleportation
 o - a scroll of fear
 s - a scroll of poison
 y - a scroll of silence
 B - 2 scrolls of vulnerability
 D - 4 scrolls of identify
 E - 5 scrolls of immolation
 F - a scroll of torment
Potions
 b - 7 potions of attraction
 d - 3 potions of cancellation
 i - 2 potions of curing
 m - 7 potions of lignification
 r - 4 potions of magic
 t - a potion of mutation
 v - 4 potions of enlightenment
 x - 5 potions of brilliance
 J - 2 potions of resistance
 N - 3 potions of might


   Skills:
 + Level 15.0 Fighting
 + Level 16.0 Axes
 + Level 13.4 Armour
 - Level 8.3 Shields
 * Level 10.2 Spellcasting
 - Level 8.9 Conjurations
 * Level 8.2 Fire Magic


You had 28 spell levels left.
You knew the following spells:

 Your Spells              Type           Power      Damage    Failure   Level
a - Static Discharge      Conj/Air       86%        3-7/arc   1%          2
b - Flame Wave            Conj/Fire      62%        2d14      1%          4

Your spell library contained the following spells:

 Spells                   Type           Power      Damage    Failure   Level
 Kiss of Death            Conj/Necr      100%       2d13      1%          1
 Magic Dart               Conj           100%       1d8       1%          1
 Sting                    Conj/Alch      100%       1d9       1%          1
 Searing Ray              Conj           100%       2d8       1%          2
 Inner Flame              Hex/Fire       41%        N/A       3%          3
 Volatile Blastmotes      Fire/Tloc      82%        2d16      3%          3
 Apportation              Tloc           30%        N/A       7%          1
 Necrotise                Necr           60%        1d7       7%          1
 Slow                     Hex            60%        N/A       7%          1
 Summon Small Mammal      Summ           60%        N/A       7%          1
 Ensorcelled Hibernation  Hex/Ice        30%        N/A       11%         2
 Brom's Barrelling Bould  Conj/Erth      43%        2d6       11%         4
 Fulminant Prism          Conj/Alch      21%        3d12      11%         4
 Iskenderun's Mystic Bla  Conj/Tloc      43%        2d10      11%         4
 Sticky Flame             Fire/Alch      41%        2d8       13%         4
 Call Canine Familiar     Summ           15%        N/A       22%         3
 Confusing Touch          Hex            15%        N/A       22%         3
 Passwall                 Erth           15%        N/A       22%         3
 Sigil of Binding         Hex            15%        N/A       22%         3
 Swiftness                Air            15%        N/A       22%         3
 Vampiric Draining        Necr           15%        2d7       22%         3
 Airstrike                Air            7%         2d(2-18)  56%         4
 Anguish                  Hex/Necr       7%         N/A       56%         4
 Dimensional Bullseye     Hex/Tloc       7%         N/A       56%         4
 Dispel Undead            Necr           15%        3d10      56%         4
 Manifold Assault         Tloc           15%        N/A       56%         4
 Martyr's Knell           Necr/Summ      15%        N/A       56%         4
 Summon Lightning Spire   Summ/Air       15%        N/A       56%         4
 Curse of Agony           Necr           15%        N/A       89%         5
 Summon Forest            Summ/Tloc      7%         N/A       89%         5
 Summon Mana Viper        Hex/Summ       15%        N/A       89%         5
 Summon Cactus Giant      Summ           7%         N/A       100%        6
 Discord                  Hex            7%         N/A       100%        8
 Ignition                 Fire           30%        3d10      100%        8


Dungeon Overview and Level Annotations

Branches:
Dungeon (15/15)            Temple (1/1) D:7            Lair (5/5) D:8
 Shoals (0/4) Lair:2       Spider (0/4) Lair:2        Slime (0/5) Lair:5
    Orc (2/2) D:11         Vaults (0/5) D:14         Depths (0/4) D:15
Ossuary (visited)
    Elf: Orc:2

Altars:
Ashenzari
Cheibriados
Dithmenos
Elyvilon
Fedhas
Gozag
Hepliaklqana
Kikubaaqudgha
Makhleb
Nemelex Xobeh
Okawaru
Qazlal
Ru
Sif Muna
Trog
Uskayaw
Vehumet
Wu Jian
Xom
Yredelemnul
Zin
The Shining One
Beogh
Jiyva

Shops:
D:3 [   D:10 [

Portals:
Abyss: D:5

Annotations:
D:5 2 transporters, jboons's ghost, weakling MDDe
D:9 1 runed translucent door, zenocrate's ghost, journeyman SpDe
Orc:2 Donald


Innate Abilities, Weirdness & Mutations

Your spellcasting is much less encumbered by armour.
You can use scrolls of enchantment on lesser artefacts.


Message History

You hear a shout! x3
You block Donald's attack.
Unknown command.
A wave of flame ripples out!
The flame wave engulfs Donald.
Donald is severely wounded.
You finish channelling waves of flame.
You hear a shout! x2
Donald hits you with a +3 scimitar of freezing!
Donald freezes you.
Donald hits you with a +3 scimitar of freezing!
Donald freezes you.
* * * LOW HITPOINT WARNING * * *
Donald hits you with a +3 scimitar of freezing!
* * * LOW HITPOINT WARNING * * *
Donald freezes you.
* * * LOW HITPOINT WARNING * * *
Blink to where?
Press: ? - help, Q - select action, (/) - cycle Dir - move target
As you read the scroll of blinking, it crumbles to dust.
Aiming: Throw Flame
Press: ? - help, Q - select action, (/) - cycle Shift-Dir - straight line, f - Donald
Aim: Donald, wielding a +3 scimitar of freezing, wearing a +3 plate armour of poison resistance and wearing a +0 kite shield (severely wounded, fast, strong, 85% to hit)
Donald blocks the puff of flame.
Casting: Flame Wave (mildly dangerous; 1% risk of failure)
Confirm with . or Enter, or press ? or * to list all spells.
Casting: Flame Wave (mildly dangerous; 1% risk of failure)
Press: ? - help, Dir - look around, f - activate A wave of flame ripples out! (Press . to intensify the flame waves.) Donald says, "Quick, run away!"
Donald hits you with a +3 scimitar of freezing!
* * * LOW HITPOINT WARNING * * *
Donald freezes you.
* * * LOW HITPOINT WARNING * * *
A wave of flame ripples out!
The flame wave engulfs Donald!!
Donald is almost dead.
Donald hits you with a +3 scimitar of freezing!!
You die...
Donald says, "Well, maybe you weren't so bad after all."
Cheibriados appreciates the motionlessness of death.

........#.####.#####.####.#..#
........###..........#.)#.####
.......####.####.....#).'.####
#......'....#..#..⌠..#).#....+
#......####.)).#.)...####.####
#.....#####)#..#[)........#
#♣...###.)#.####.#####.####
#..## #..'....).#..(#....+
#~.. #..#....#@#.).#....# ≈~..
####....#@##)##....# ≈~
#....#..........#
#.##)###.###'##.#
#.#...##)##...#.#
..#)..##.##...#..
#########)###### ##
###...)))...### ......߆ß).....


You could see Donald (fast, strong).

Vanquished Creatures
  Rupert (Lair:3)
  Jorgrun (Orc:1)
  Agnes (D:13)
  The ghost of adelrune the Severer, a journeyman MDFi of Qazlal (Orc:1)
  A stone giant (D:15)
  Azrael (Orc:2)
  2 vault guards (D:14)
  Fannar (D:11)
  6 hydras
  The ghost of Gangsterbeez the Fighter, a novice MiFi (D:8)
  A catoblepas (Lair:5)
  8 centaur warriors
  7 two-headed ogres
  6 boulder beetles
  A tengu warrior (D:10)
  A death knight (D:15)
  A death yak (Lair:3)
  An orc high priest (D:11)
  Urug (D:13)
  3 skeletal warriors (D:11)
  3 skysharks
  A goliath frog (Lair:5)
  An arcanist (D:13)
  An orc knight (D:11)
  3 deep elf pyromancers (D:13)
  A lindwurm (Lair:4)
  4 cyclopes
  2 orc sorcerers
  4 ugly things (D:13)
  3 black mambas (Lair:3)
  5 manticores
  14 elephants
  A gargoyle (D:11)
  18 cane toads
  Maggie (D:8)
  An unseen horror (D:11)
  2 ice devils (D:12)
  An efreet (D:13)
  A freezing wraith (D:13)
  2 rime drakes
  9 komodo dragons
  A tengu conjurer (D:13)
  2 polar bears
  A queen bee (shapeshifter) (D:13)
  3 trolls
  A hornet (D:10)
  28 blink frogs
  2 tyrant leeches (Lair:5)
  Sigmund (D:6)
  2 shadows
  16 slime creatures
  2 wyverns
  5 wraiths
  64 yaks
  10 basilisks
  4 fire elementals (Orc:2)
  6 humans (D:14)
  A steam dragon (D:9)
  2 wargs
  6 vampire mosquitoes
  An acid dragon (D:14)
  9 water moccasins
  2 hell hounds (Orc:2)
  37 orc warriors
  A sky beast (D:6)
  2 laughing skulls (D:14)
  5 black bears
  4 ice beasts
  8 ogres
  24 centaurs
  17 wolves (Lair:1)
  3 phantoms
  8 kobold brigands
  A gnoll sergeant (D:9)
  A weeping skull (Ossuary)
  16 bullfrogs
  9 scorpions
  A burial acolyte (D:5)
  13 wights
  An electric eel (Lair:5)
  8 howler monkeys
  4 crimson imps (D:5)
  3 bombardier beetles
  2 bullfrog zombies (D:4)
  2 hounds
  A jelly (D:5)
  A lava snake (Lair:1)
  4 spectral scorpions (Ossuary)
  A sleepcap (D:4)
  18 orc priests
  3 centaur skeletons
  7 iguanas
  24 orc wizards
  A scorpion zombie (D:4)
  An ogre skeleton (Ossuary)
  4 hound zombies
  4 mummies (Ossuary)
  A howler monkey skeleton (D:4)
  7 gnolls
  7 adders
  3 shadow imps
  A white imp (D:6)
  2 adder skeletons (D:4)
  2 adder zombies
  A dart slug (D:4)
  4 ribbon worms
  106 orcs
  5 endoplasms
  3 giant cockroaches (Lair:2)
  7 goblins
  A hobgoblin (D:2)
  3 quokkas
  3 ball pythons
  3 bats
  3 frilled lizards
  A gnoll skeleton (Ossuary)
  3 gnoll zombies (D:5)
  47 kobolds
  A kobold skeleton (Ossuary)
  A kobold zombie (D:5)
  3 orc skeletons (Ossuary)
  5 rats
  10 spectral rats (Ossuary)
765 creatures vanquished.

Vanquished Creatures (others)
  4 vault guards
  A tengu conjurer (D:13)
  An orc (Orc:2)
  3 spectral weapons
9 creatures vanquished.

Grand Total: 774 creatures vanquished

Notes
Turn   | Place    | Note
-------+----------+-------------------------------------------
     0 | D:1      | retardedninja the Mountain Dwarf Fighter began the quest
                  | for the Orb.
     0 | D:1      | Reached XP level 1. HP: 19/19 MP: 1/1
    16 | D:1      | Found a faded altar of an unknown god.
   272 | D:1      | Reached XP level 2. HP: 26/26 MP: 2/2
  1098 | D:2      | Found a glowing golden altar of the Shining One.
  1118 | D:2      | Reached skill level 3 in Axes
  1118 | D:2      | Reached XP level 3. HP: 30/33 MP: 3/3
  1765 | D:3      | Reached XP level 4. HP: 39/40 MP: 4/4
  1928 | D:3      | Identified the ring of Truth {MP+9 Stlth+}
  1975 | D:3      | Found Hilineis's Antique Armour Shoppe.
  2304 | D:4      | Reached XP level 5. HP: 45/47 MP: 5/5
  2380 | D:4      | Found a sand-covered staircase.
  2445 | Ossuary  | Entered an ossuary
  2483 | Ossuary  | Reached skill level 4 in Axes
  3109 | Ossuary  | Reached XP level 6. HP: 47/53 MP: 6/6
  3293 | Ossuary  | Reached skill level 5 in Armour
  3347 | Ossuary  | Reached skill level 5 in Fighting
  3347 | Ossuary  | Reached skill level 5 in Shields
  3468 | Ossuary  | Reached skill level 5 in Axes
  3468 | Ossuary  | Reached XP level 7. HP: 35/58 MP: 7/7
  4658 | D:4      | Reached skill level 6 in Axes
  4658 | D:4      | Reached XP level 8. HP: 56/70 MP: 8/8
  4866 | D:5      | Entered Level 5 of the Dungeon
  4971 | D:5      | Found an ancient bone altar of Kikubaaqudgha.
  5416 | D:5      | Found a transporter.
  5422 | D:5      | Found a transporter.
  5422 | D:5      | Noticed jboons's ghost (weakling MDDe)
  5499 | D:5      | Found a one-way gate to the infinite horrors of the Abyss.
  5501 | D:5      | Noticed an ancient zyme
  5915 | D:5      | Reached skill level 7 in Axes
  6348 | D:5      | Found a shimmering altar of Xom.
  6519 | D:6      | Reached XP level 9. HP: 79/79 MP: 9/9
  6745 | D:6      | Noticed Sigmund
  6781 | D:6      | Killed Sigmund
  6782 | D:6      | Reached skill level 8 in Axes
  7466 | D:7      | Found a sparkling altar of Nemelex Xobeh.
  7498 | D:7      | Found a staircase to the Ecumenical Temple.
  7533 | Temple   | Entered the Ecumenical Temple
  7541 | Temple   | Became a worshipper of Cheibriados the Contemplative
  7950 | D:8      | Reached skill level 1 in Conjurations
  7969 | D:8      | Reached skill level 1 in Spellcasting
  7969 | D:8      | Reached * piety under Cheibriados
  7981 | D:8      | Found a staircase to the Lair.
  7984 | D:8      | Reached XP level 10. HP: 82/89 MP: 12/12
  8346 | D:8      | Reached skill level 9 in Axes
  8470 | D:8      | Noticed a two-headed ogre
  8484 | D:8      | Killed a two-headed ogre
  8648 | D:8      | Found a bloodstained altar of Trog.
  8649 | D:8      | Noticed Gangsterbeez's ghost (novice MiFi)
  8650 | D:8      | Found a runed translucent gate.
  8651 | D:8      | Found a runed translucent gate.
  8652 | D:8      | Found a runed translucent gate.
  8670 | D:8      | Found a roughly hewn altar of Beogh.
  8693 | D:8      | Noticed Maggie
  8703 | D:8      | Killed Maggie
  9339 | D:8      | Killed Gangsterbeez's ghost
  9857 | D:8      | Reached ** piety under Cheibriados
 10260 | D:8      | Identified the +1 leather armour of Oblivion {rF+ Stlth+}
 10449 | D:9      | Found a runed translucent door.
 10451 | D:9      | Noticed zenocrate's ghost (journeyman SpDe)
 10879 | D:9      | Reached XP level 11. HP: 94/97 MP: 17/17
 10893 | D:9      | Identified the staff "Ikeatuor" {rPois rC++ rN+ Necro}
 11019 | D:9      | Found a blossoming altar of Fedhas.
 11430 | D:10     | Entered Level 10 of the Dungeon
 11456 | D:10     | Reached skill level 5 in Conjurations
 11568 | D:10     | Reached skill level 10 in Axes
 11600 | D:10     | Reached *** piety under Cheibriados
 11743 | D:10     | Noticed a tengu warrior
 11804 | D:10     | Noticed a centaur warrior
 11809 | D:10     | Killed a centaur warrior
 11868 | D:10     | Killed a tengu warrior
 11869 | D:10     | Reached skill level 5 in Spellcasting
 12103 | D:10     | Reached **** piety under Cheibriados
 12312 | D:10     | Noticed a two-headed ogre
 12315 | D:10     | Killed a two-headed ogre
 12370 | D:10     | Found a white marble altar of Elyvilon.
 12506 | D:10     | Found Jiumn's Antique Armour Emporium.
 12703 | D:3      | Bought a runed cloak for 187 gold pieces
 12816 | D:11     | Noticed a skeletal warrior
 12816 | D:11     | Noticed a skeletal warrior
 12816 | D:11     | Noticed a skeletal warrior
 12852 | Lair:1   | Entered Level 1 of the Lair of Beasts
 12865 | Lair:1   | Reached skill level 10 in Fighting
 13143 | Lair:1   | Reached skill level 10 in Armour
 13328 | Lair:1   | Reached ***** piety under Cheibriados
 13424 | Lair:1   | Reached XP level 12. HP: 106/106 MP: 21/21
 14311 | Lair:2   | Reached skill level 11 in Axes
 14654 | Lair:2   | Found a hole to the Spider Nest.
 15134 | Lair:2   | Noticed a seven-headed hydra
 16001 | Lair:2   | Reached skill level 12 in Axes
 16424 | Lair:2   | Found a staircase to the Shoals.
 16762 | Lair:2   | Killed a nine-headed hydra
 16934 | Lair:3   | Reached ****** piety under Cheibriados
 17005 | Lair:3   | Reached XP level 13. HP: 117/117 MP: 23/23
 17023 | Lair:3   | Noticed Rupert
 17944 | Lair:3   | Paralysed by Rupert for 2 turns
 17953 | Lair:3   | Killed Rupert
 17954 | Lair:3   | Reached skill level 13 in Axes
 18687 | Lair:4   | Found a dark tunnel.
 18944 | Lair:4   | Learned a level 2 spell: Static Discharge
 19348 | Lair:5   | Entered Level 5 of the Lair of Beasts
 20614 | Lair:5   | Reached skill level 14 in Axes
 20806 | Lair:5   | Identified the serpent talisman of Hoon {rN+ Slay+3}
 20885 | Lair:5   | Reached XP level 14. HP: 109/129 MP: 26/26
 20998 | Lair:5   | Found a viscous altar of Jiyva.
 20998 | Lair:5   | Found a staircase to the Slime Pits.
 22163 | D:11     | Learned a level 4 spell: Flame Wave
 22180 | D:11     | Found a staircase to the Orcish Mines.
 22193 | D:11     | Noticed Fannar
 22203 | D:11     | Killed Fannar
 22417 | D:11     | Got the Almanac of Smouldering Doom
 22609 | D:11     | Reached skill level 1 in Fire Magic
 22632 | D:11     | Reached skill level 15 in Axes
 24635 | D:13     | Identified the +3 arbalest of the Vestibule of Hell {flame,
                  | *Corrode rPois rF+++ Str-4}
 24848 | D:13     | Noticed Urug
 24857 | D:13     | Killed Urug
 25105 | D:14     | Noticed Agnes
 25794 | D:14     | Identified the +4 mace of the Realm of Zot {drain, rElec}
 25804 | D:13     | Killed Agnes
 25805 | D:13     | Reached skill level 5 in Fire Magic
 26656 | D:13     | Reached XP level 15. HP: 73/139 MP: 28/28
 27141 | D:13     | Got Continuing the Magician's Craft
 27142 | D:13     | Found an ornate altar of the Wu Jian Council.
 28229 | D:14     | Identified the +4 war axe "Solouju" {spect, *Slow rElec rF+
                  | SInv}
 28768 | D:14     | Found a gate to the Vaults.
 29159 | D:14     | Found a white marble altar of Elyvilon.
 29200 | D:15     | Entered Level 15 of the Dungeon
 29281 | D:15     | Found a staircase to the Depths.
 31756 | Orc:1    | Entered Level 1 of the Orcish Mines
 32661 | Orc:1    | Found a runed translucent door.
 32663 | Orc:1    | Noticed adelrune's ghost (journeyman MDFi)
 32777 | Orc:1    | Killed adelrune's ghost
 32845 | Orc:2    | Entered Level 2 of the Orcish Mines
 32852 | Orc:2    | Noticed Jorgrun
 32870 | Orc:1    | Killed Jorgrun
 32871 | Orc:1    | Reached skill level 10 in Spellcasting
 33784 | Orc:2    | Reached skill level 15 in Fighting
 33791 | Orc:2    | Noticed Azrael
 33801 | Orc:2    | Killed Azrael
 33802 | Orc:2    | Reached skill level 16 in Axes
 34292 | Orc:2    | Noticed Donald
 34313 | Orc:2    | Mangled by Donald

Illustrated notes

Levels and vault maps discovered:
D:1:      dpeg_arrival_connections, layout_loops_ring,
          shapermc_ecumenical_altar_notcrosses
D:2:      layout_loops_ring, basic_altar
D:3:      layout_loops_ring, serial_shops, nicolae_lakefront_shop
D:4:      layout_rooms, mainiacjoe_ossuary_entry_dusty_tomb, serial_undead,
          serial_undead_f, serial_undead_a, serial_undead_d, serial_undead_f,
          grunt_ministairs_3, item_on_display_b
D:5:      layout_gridville, led_xom_imps,
          regret_index_kikubaaqudgha_part_by_part,
          gammafunk_ghost_abyssal_escape
D:6:      layout_cave_pools, minmay_manual_mess, uniq_sigmund
D:7:      layout_rooms, nemelex_diamond_rough_becter,
          minmay_temple_entry_slanted, kennysheep_generic_room_2
D:8:      layout_rooms, trog_three_pillars_becter, due_lair_maze_entry_diamond,
          enter_bailey_1, biasface_ghost_orc_armoury, uniq_maggie
D:9:      layout_basic, mainiacjoe_overflow_boulevard, gammafunk_ghost_grave
D:10:     layout_loops_ring, marbit_many_paths, serial_shops, kennysheep_mini,
          grunt_ministairs_3, minmay_mirror_moons_of_madness
D:11:     layout_basic, hiddenorc1_lemuel, minmay_bent, uniq_fannar
D:12:     layout_stronghold, portal_ice_cave_demonic_guard
D:13:     layout_roguey, amethyst_killhole, nicolae_wu_jian_immortal_techniques,
          uniq_urug
D:14:     layout_rooms, ximxim_vaults_locker_room, nicolae_elyvilon_temple_path,
          uniq_agnes
D:15:     grunt_enter_depths_giant_problem, layout_loops_ring
Temple:   compressed_dpeg_triangle_lava_temple
Lair:1:   layout_gridlike, st_stairs_4, lemuel_fruit_fields, grunt_megastairs_2
Lair:2:   layout_cave_pods, minmay_shoals_entry_centaurs,
          nicolae_spider_entry_non_spiders, nicolae_lair_grazing_beasts
          [nicolae_sub_lair_graze_edge, nicolae_sub_lair_graze_edge,
          nicolae_sub_lair_graze_edge, nicolae_sub_lair_graze_edge],
          grunt_megastairs_3, infiniplex_staircase_pool
Lair:3:   layout_gridlike, minmay_shattered_shrine, uniq_rupert
Lair:4:   layout_misc_corridors, nicolae_volcano_entry_lava_flow
Lair:5:   minmay_lair_end_frog_pond, layout_cave_shapes,
          dpeg_slime_entry_enclosed
Orc:1:    layout_caves, ebering_ghost_inner_flame
Orc:2:    pubby_orc_utopia, uniq_donald, uniq_jorgrun, uniq_sonja, uniq_azrael

Skill      XL: |  1  2  3  4  5  6  7  8  9 10 11 12 13 14 15 |
---------------+----------------------------------------------+-----
Axes           | 3 4 5 6 7 8 9 10 12 14 15 16 | 16.0
Fighting       | 4 5 6 7 8 9 10 11 13 14 15 | 15.0
Armour         | 4 5 6 7 8 9 10 11 12 13 | 13.4
Shields        | 4 5 6 7 8 |  8.3
Conjurations   | 1 4 6 7 8 |  8.9
Spellcasting   | 1 4 6 7 8 9 10 | 10.2
Fire Magic     | 5 8 |  8.2

Action                     |  1- 3 |  4- 6 |  7- 9 | 10-12 | 13-15 || total
---------------------------+-------+-------+-------+-------+-------++-------
  Melee: War axe           |    85 |   129 |   460 |   453 |   820 ||  1947
   Cast: Static Discharge  |       |       |       |       |     3 ||     3
         Flame Wave        |       |       |       |       |    36 ||    36
 Invoke: Slouch            |       |       |       |       |     2 ||     2
  Evoke: Wand              |       |       |     9 |    36 |    21 ||    66
    Use: Potion            |       |     2 |     4 |     6 |     8 ||    20
         Scroll            |       |       |    11 |    15 |    28 ||    54
   Stab: Paralysed         |       |       |       |       |     2 ||     2
         Distracted        |       |       |       |       |     9 ||     9
         Invisible         |       |       |       |       |     1 ||     1
 Armour: Chain mail        |    61 |    82 |    62 |       |       ||   205
         Scale mail        |     2 |       |       |       |       ||     2
         Plate armour      |       |       |   341 |   539 |   923 ||  1803
  Dodge: Dodged            |    24 |    74 |   199 |   286 |   549 ||  1132
  Block: Buckler           |    16 |    27 |   123 |    84 |       ||   250
         Kite shield       |       |       |       |   352 |  1025 ||  1377

Table legend: (Time is in decaauts)
 A = Elapsed time spent in this place.
 B = Non-inter-level travel time spent in this place.
 C = Inter-level travel time spent in this place.
 D = Time resting spent in this place.
 E = Time spent auto-exploring this place.
 F = Levels seen in this place.
 G = Mean time per level.
                   A        B        C        D        E       F      G
               +--------+--------+--------+--------+--------+-----+--------+
         Total |  44125 |  41973 |   2152 |  13157 |  21560 |  24 | 1838.5 |
       Dungeon |  27241 |  25652 |   1589 |   7901 |  13588 |  15 | 1816.1 |
        Temple |     18 |      3 |     15 |      0 |      0 |   1 |   18.0 |
          Lair |  12695 |  12162 |    533 |   3429 |   6483 |   5 | 2539.0 |
  Orcish Mines |   2460 |   2446 |     14 |    854 |   1035 |   2 | 1230.0 |
       Ossuary |   1709 |   1709 |      0 |    972 |    454 |   1 | 1709.0 |
               +--------+--------+--------+--------+--------+-----+--------+

Top non-repeatable levels by time:
    D:13: 4044 daAuts
  Lair:2: 3270 daAuts
    D:15: 3263 daAuts
  Lair:5: 2840 daAuts
     D:8: 2821 daAuts
    D:11: 2518 daAuts
  Lair:3: 2398 daAuts
    D:12: 2310 daAuts
  Lair:1: 2266 daAuts
    D:10: 1968 daAuts
  Lair:4: 1919 daAuts
 Ossuary: 1709 daAuts
     D:9: 1680 daAuts
     D:5: 1669 daAuts
    D:14: 1537 daAuts
